 Dungeon Crawl Stone Soup version 0.31.0-9-g3a7656b989 (webtiles) character file.

Game seed: 6625945129306878879

10 qw the Shooter (level 2, -2/14 HPs)
             Began as a Spriggan Hunter on Feb 3, 2024.
             Frozen to death by an endoplasm (5 damage)
             ... on level 1 of the Dungeon.
             The game lasted 00:00:01 (182 turns).

qw the Shooter (Spriggan Hunter)                     Turns: 182, Time: 00:00:01

Health: -2/14      AC:  2    Str:  7    XL:     2   Next: 10%
Magic:  3/3        EV: 18    Int: 10    God:
Gold:   37         SH:  0    Dex: 18    Spells: 1/1 levels left

rFire   . . .        a - +0 shortbow
rCold   . . .        (shield currently unavailable)
rNeg    . . .        c - +0 robe
rPois   .            (helmet restricted)
rElec   .            (no cloak)
rCorr   .            (gloves unavailable)
SInv    +            (boots unavailable)
Will    .....        (no amulet)
Stlth   ++           (no ring)
HPRegen 0.22/turn    (no ring)
MPRegen 0.08/turn

%: no passive effects
@: very quick
A: very small, no large weapons, unfitting armour, see invisible, speed 3
a: no special abilities


You were on level 1 of the Dungeon.
You visited 1 branch of the dungeon, and saw 1 of its levels.

You collected 37 gold pieces.


Innate Abilities, Weirdness & Mutations

You are very small and have problems with some larger weapons.
You are too small for most types of armour.
You have supernaturally acute eyesight. (SInv)
You cover ground extremely quickly. (Speed+++)


   Skills:
 - Level 1.5 Fighting
 - Level 4.0 Ranged Weapons
 + Level 3.8 Dodging
 - Level 1.5 Stealth


You had one spell level left.
You didn't know any spells.
Your spell library was empty.

Inventory:

Hand Weapons
 a - a +0 shortbow (weapon)
Armour
 c - a +0 robe (worn)
Scrolls
 b - a scroll of butterflies
Potions
 d - a potion of curing {unknown}
 e - a potion of degeneration {unknown}

Dungeon Overview and Level Annotations

Branches:
Dungeon (1/15)

Altars:


Message History

The arrow hits the jackal but does no damage.
The jackal is almost dead.
The bat misses you. The bat closely misses you. The jackal barely misses you.
You shoot an arrow. The arrow barely misses the jackal.
The bat misses you. The jackal bites you. The jackal misses you.
The jackal barely misses you.
You shoot an arrow. The arrow hits the jackal.
You kill the jackal!
The bat misses you.
The jackal bites you but does no damage.
You shoot an arrow. The arrow hits the jackal.
The jackal is heavily wounded.
The jackal bites you but does no damage.
The endoplasm barely misses you. The jackal misses you.
You shoot an arrow. The arrow closely misses the jackal.
The jackal bites you but does no damage.
The endoplasm misses you. The jackal closely misses you.
The endoplasm freezes you.
You are frozen.
You shoot an arrow. The arrow barely misses the jackal.
The jackal closely misses you.
The endoplasm hits you but does no damage.
You shoot an arrow. The arrow barely misses the jackal.
The jackal bites you but does no damage.
The endoplasm freezes you.
You are frozen.
The jackal completely misses you.
You shoot an arrow. The arrow hits the jackal.
The jackal is severely wounded.
The jackal completely misses you. The endoplasm freezes you.
You are frozen.
The jackal completely misses you.
You shoot an arrow. The arrow closely misses the jackal.
The jackal bites you. The endoplasm freezes you.
You are frozen.
You shoot an arrow. The arrow misses the jackal.
The jackal closely misses you. The endoplasm freezes you.
You are frozen.
You die...

... ...##.##.# #.....
###.##.....##..######J....J
#.....#...................
....<.##.......###....#
#.....#........##.h.h#
###.##.....##.%....###
.........## ##.b.h## ###
.........####..J#### ##.#
####......##...h@..###..#
#...........###..##..######### .
.#.##..#.##...............#....
..#.....##.....##...##...........
.....#########.##.#..............
...#.## #.##.##.............
......# #.##.###............
#.....# #.##.# #............
......########.##.# #............


You could see an endoplasm, a jackal and a bat.

Vanquished Creatures
  A ball python (D:1)
  A giant cockroach (D:1)
  3 jackals (D:1)
  A kobold (D:1)
  2 frilled lizards (D:1)
  A rat (D:1)
9 creatures vanquished.

Notes
Turn   | Place    | Note
-------+----------+-------------------------------------------
     0 | D:1      | qw the Spriggan Hunter began the quest for the Orb.
     0 | D:1      | Reached XP level 1. HP: 10/10 MP: 2/2
     0 | D:1      | 0 ||| qw: Version: 0.3-a-155-g5e7d8dd
     0 | D:1      | 0 ||| qw: Game counter: 2928
     0 | D:1      | 0 ||| qw: Melee chars always use a shield: true
     0 | D:1      | 0 ||| qw: God list: Okawaru
     0 | D:1      | 0 ||| qw: Allow faded altars: false
     0 | D:1      | 0 ||| qw: Do Orc after clearing Dungeon:15 true
     0 | D:1      | 0 ||| qw: Do second Lair branch before Depths: true
     0 | D:1      | 0 ||| qw: Lair rune preference: random
     0 | D:1      | 0 ||| qw: Goals: Normal
     0 | D:1      | 0 ||| PLANNING D:1-11
    24 | D:1      | Reached skill level 3 in Dodging
   162 | D:1      | 162 ||| RETREEEEATING.
   163 | D:1      | 163 ||| RETREEEEATING.
   164 | D:1      | 164 ||| RETREEEEATING.
   165 | D:1      | 165 ||| RETREEEEATING.
   166 | D:1      | 166 ||| RETREEEEATING.
   172 | D:1      | Reached XP level 2. HP: 13/14 MP: 3/3
   181 | D:1      | HP: 2/14 [frozen (4)]
   182 | D:1      | Frozen to death by an endoplasm

Levels and vault maps discovered:
D:1:      erik_arrival_blinker_ship, layout_rooms, minmay_3d_cube

Skill      XL: |  1 |
---------------+----+-----
Dodging        | 3 |  3.8
Fighting       | |  1.5
Ranged Weapons | |  4.0
Stealth        | |  1.5

Action                     || total
---------------------------++-------
   Fire: Shortbow          ||    30
 Armour: Robe              ||    12
  Dodge: Dodged            ||    36

Table legend:
 A = Non-vault XP
 B = Vault XP
 C = Vault XP percentage of total XP
 D = Non-vault monster count
 E = Vault monster count
 F = Vault count percentage of total count
                 A         B        C        D         E       F
            +---------+---------+-------+---------+---------+-------
      Total |      15 |       0 |   0.0 |       9 |       0 |   0.0
            +---------+---------+-------+---------+---------+-------
        D:1 |      15 |       0 |   0.0 |       9 |       0 |   0.0
            +---------+---------+-------+---------+---------+-------
